 Dungeon Crawl Stone Soup version 0.30-a0-1114-gd936c97349 (webtiles) character file.

Game seed: 4705715432275045257

1178 Aneyh the Poker (level 8, -4/52 HPs)
             Began as a Tengu Fighter on Apr 20, 2023.
             Killed by divine providence
             ... invoked by an orc priest
              (11 damage)
             ... on level 6 of the Dungeon.
             The game lasted 00:11:36 (5052 turns).

Aneyh the Poker (Tengu Fighter)                     Turns: 5052, Time: 00:11:37

Health: -4/52      AC:  7    Str: 19    XL:     8   Next: 42%
Magic:  9/9        EV: 10    Int:  8    God:
Gold:   277        SH:  5    Dex: 14    Spells: 7/7 levels left

rFire   . . .      SeeInvis .    a - +2 spear (heavy)
rCold   . . .      Faith    .    c - +0 buckler
rNeg    + . .      Spirit   .    b - +0 scale mail
rPois   .          Reflect  .    (helmet restricted)
rElec   .          Rampage  .    (no cloak)
rCorr   +                        (no gloves)
Will    .....                    (boots unavailable) Stlth
                                 (no amulet)
HPRegen 0.28/turn                n - ring of positive energy
MPRegen 0.11/turn                G - ring of resist corrosion

@: flying quickly and evasively, quick
A: beak, talons 3, nimble flight
a: no special abilities


You were on level 6 of the Dungeon.
You visited 2 branches of the dungeon, and saw 7 of its levels.

You collected 277 gold pieces.

Inventory:

Hand Weapons
 a - a +2 heavy spear (weapon)
 e - a +0 flail
 z - a +2 heavy falchion
 E - a +0 glaive
 F - a +4 vampiric trident
Missiles
 C - 11 poisoned darts (quivered)
Armour
 b - a +0 scale mail (worn)
 c - a +0 buckler (worn)
Magical Staves
 y - a staff of fire
Jewellery
 n - a ring of positive energy (left hand)
 G - a ring of resist corrosion (right hand)
 H - a ring of magical power
 I - an amulet of reflection
Wands
 v - a wand of charming (16)
Scrolls
 g - a scroll of magic mapping {unknown}
 h - 5 scrolls of identify {unknown}
 j - a scroll of poison {unknown}
 k - 2 scrolls of teleportation {unknown}
 m - a scroll of butterflies {unknown}
 o - a scroll of enchant armour {unknown}
 q - a scroll of vulnerability {unknown}
 r - 2 scrolls of fog {unknown}
 t - 2 scrolls of enchant weapon {unknown}
 u - a scroll of immolation {unknown}
 A - a scroll of amnesia {unknown}
 B - a scroll of acquirement {unknown}
Potions
 d - 2 potions of might
 f - a potion of heal wounds {unknown}
 i - 2 potions of resistance {unknown}
 l - 2 potions of ambrosia {unknown}
 p - a potion of attraction {unknown}
 s - a potion of degeneration {unknown}
 w - a potion of curing {unknown}
 x - a potion of haste {unknown}
 D - a potion of mutation {unknown}


   Skills:
 * Level 6.8 Fighting
 - Level 2.2 Maces & Flails
 + Level 7.7 Polearms
 - Level 4.0 Armour
 - Level 3.2 Shields


You had 7 spell levels left.
You didn't know any spells.
Your spell library contained the following spells:

 Spells                   Type           Power      Damage    Failure   Level
 Shock                    Conj/Air       0%         1d3       86%         1
 Slow                     Hex            0%         N/A       86%         1
 Sublimation of Blood     Necr           0%         N/A       94%         2
 Wereblood                Tmut           0%         N/A       94%         2
 Confusing Touch          Hex            0%         N/A       99%         3
 Swiftness                Air            0%         N/A       99%         3
 Vampiric Draining        Necr           0%         2d6       99%         3
 Airstrike                Air            0%         2d(0-16)  100%        4
 Summon Hydra             Summ           0%         N/A       100%        7


Dungeon Overview and Level Annotations

Branches:
Dungeon (6/15)             Temple (1/1) D:6

Altars:
Dithmenos
Elyvilon
Gozag
Makhleb
Okawaru
Qazlal
Ru
Sif Muna
Trog
Uskayaw
Vehumet
Wu Jian
Xom
Yredelemnul
Zin
The Shining One

Annotations:
D:4 Crazy Yiuf


Innate Abilities, Weirdness & Mutations

You have a beak for a mouth.
You have claws for feet.
Your magical nature lets you fly swiftly and evasively.


Message History

You're too confused to move!
The orc closely misses you. The orc hits you with a +0 dagger.
You completely miss the orc priest. You claw the orc priest.
Your peck misses the orc priest.
The orc priest is lightly wounded.
The orc priest hits you with a +1 mace of holy wrath.
The orc hits you with a +0 dagger.
You hit the orc priest but do no damage.
The orc priest is lightly wounded.
You feel less confused. You block the orc priest's attack.
The orc hits you with a +0 dagger.
You hit the orc priest.
You claw the orc priest, but do no damage.
The orc priest is moderately wounded.
The orc hits you but does no damage. The orc hits you with a +0 hand axe.
* * * LOW HITPOINT WARNING * * *
Okay, then.
The orc priest looks satisfied for a moment.
You hit the orc priest. You claw the orc priest.
The orc priest is severely wounded.
The orc priest hits you with a +1 mace of holy wrath.
* * * LOW HITPOINT WARNING * * *
The orc hits you but does no damage. The orc barely misses you.
You barely miss the orc priest.
The orc priest is severely wounded.
The orc priest hits you but does no damage.
The orc hits you with a +0 dagger.
* * * LOW HITPOINT WARNING * * *
The orc priest closely misses you. The orc hits you with a +0 hand axe.
* * * LOW HITPOINT WARNING * * *
You puncture the orc priest!
You kill the orc priest!
You block the orc priest's attack. The orc priest closely misses you.
You hit the orc priest.
You claw the orc priest, but do no damage.
The orc priest is moderately wounded.
The orc priest calls down the wrath of Beogh upon you.
Beogh smites you!
You die...

#.....#.# #.#
#.....#.# #.#
..#.....#.######.# #
...o.oo)........>#.#
..#....?#....###.#.#
#.....#..........#
#.....##.).##..###
##+##.##ooo##.##
####.@.##.#
#...##.########
#####...†......
##..#........
#####..##........
#...)..##........
#......##########
##.........#
#..........#


You could see an orc priest and 2 orcs.

Vanquished Creatures
  A water moccasin (D:5)
  2 phantoms
  A kobold brigand (D:6)
  4 scorpions
  A gnoll sergeant (D:6)
  7 hounds
  A jelly (D:4)
  2 orc priests (D:6)
  A sleepcap (D:5)
  An iguana (D:5)
  An orc wizard (D:6)
  3 adders (D:4)
  8 gnolls
  A shadow imp (D:3)
  An ufetubus (D:5)
  5 worms
  2 dart slugs
  8 orcs
  5 endoplasms
  3 goblins
  2 hobgoblins
  2 jackals (D:1)
  4 quokkas
  6 ball pythons
  3 bats
  4 frilled lizards
  2 kobolds
  6 rats
87 creatures vanquished.

Notes
Turn   | Place    | Note
-------+----------+-------------------------------------------
     0 | D:1      | Aneyh the Tengu Fighter began the quest for the Orb.
     0 | D:1      | Reached XP level 1. HP: 14/14 MP: 2/2
    31 | D:1      | Reached XP level 2. HP: 17/19 MP: 3/3
   624 | D:2      | Reached XP level 3. HP: 18/23 MP: 4/4
   917 | D:2      | Reached skill level 1 in Polearms
  2015 | D:4      | Reached skill level 2 in Polearms
  2015 | D:4      | Reached XP level 4. HP: 29/29 MP: 5/5
  2131 | D:4      | Gained mutation: Your magical nature lets you fly swiftly
                  | and evasively. [Tengu growth]
  2131 | D:4      | Reached XP level 5. HP: 33/33 MP: 6/6
  2299 | D:4      | Noticed a phantom
  2306 | D:4      | Found a hide-covered altar of Uskayaw.
  2307 | D:4      | Killed a phantom
  2308 | D:4      | Reached skill level 3 in Polearms
  2429 | D:4      | Reached skill level 4 in Polearms
  2429 | D:4      | Reached XP level 6. HP: 39/39 MP: 7/7
  2799 | D:4      | Found a runed translucent door.
  2800 | D:4      | Noticed Crazy Yiuf
  2991 | D:5      | Entered Level 5 of the Dungeon
  3080 | D:5      | Reached skill level 5 in Fighting
  3124 | D:5      | Found a burning altar of Makhleb.
  3131 | D:5      | Reached skill level 5 in Polearms
  3148 | D:5      | Reached XP level 7. HP: 34/44 MP: 8/8
  3335 | D:5      | Reached skill level 6 in Polearms
  4247 | D:5      | Reached XP level 8. HP: 29/51 MP: 9/9
  4333 | D:5      | Reached skill level 7 in Polearms
  4619 | D:6      | Found a staircase to the Ecumenical Temple.
  4644 | Temple   | Entered the Ecumenical Temple
  5052 | D:6      | Killed from afar by an orc priest

Illustrated notes

Levels and vault maps discovered:
D:1:      onia_arrival_pentagram, layout_basic
D:2:      layout_basic, kennysheep_generic_room_13
D:3:      layout_loops_ring
D:4:      layout_loops_ring, mainiacjoe_overflow_catwalk,
          uniq_crazy_yiuf_cottage
D:5:      layout_basic, general_overflow_altar, bh_walls_and_bars
D:6:      layout_basic, worldfamousw_hep_ancestral_shrine,
          minmay_temple_entry_offerings
Temple:   nicolae_temple_bog_church

Skill      XL: |  1  2  3  4  5  6  7  8 |
---------------+-------------------------+-----
Polearms       | 2 4 5 6 7 |  7.7
Fighting       | 4 5 6 |  6.8
Armour         | 4 |  4.0
Maces & Flails | |  2.2
Shields        | |  3.2

Action                     |  1- 3 |  4- 6 |  7- 9 || total
---------------------------+-------+-------+-------++-------
  Melee: Flail             |    15 |       |       ||    15
         Kick              |    10 |    12 |    27 ||    49
         Peck              |     4 |     8 |    15 ||    27
         Spear             |    61 |    62 |   106 ||   229
  Throw: Dart              |       |     3 |     1 ||     4
 Armour: Scale mail        |    31 |    13 |    27 ||    71
  Dodge: Dodged            |    24 |    17 |    41 ||    82
  Block: Buckler           |     8 |    12 |    24 ||    44

Table legend: (Time is in decaauts)
 A = Elapsed time spent in this place.
 B = Non-inter-level travel time spent in this place.
 C = Inter-level travel time spent in this place.
 D = Time resting spent in this place.
 E = Time spent auto-exploring this place.
 F = Levels seen in this place.
 G = Mean time per level.
                   A        B        C        D        E       F      G
               +--------+--------+--------+--------+--------+-----+--------+
         Total |   4946 |   4800 |    146 |    432 |   3562 |   7 |  706.6 |
       Dungeon |   4747 |   4605 |    142 |    432 |   3379 |   6 |  791.2 |
        Temple |    198 |    195 |      3 |      0 |    183 |   1 |  198.0 |
               +--------+--------+--------+--------+--------+-----+--------+

Top non-repeatable levels by time:
     D:5: 1195 daAuts
     D:2: 901 daAuts
     D:4: 856 daAuts
     D:3: 656 daAuts
     D:1: 571 daAuts
     D:6: 566 daAuts
  Temple: 198 daAuts
